 Dungeon Crawl Stone Soup version 0.28.0-49-g6dfe1f597d (webtiles) character file.

Game seed: 15393685188044663863

46 GigaChad the Covered (level 3, -4/33 HPs)
             Began as a Minotaur Fighter on May 12, 2022.
             Slain by an orc
             ... wielding a +0 trident
              (5 damage)
             ... on level 3 of the Dungeon.
             The game lasted 00:03:32 (1791 turns).

GigaChad the Covered (Minotaur Fighter)             Turns: 1791, Time: 00:03:32

Health: -4/33      AC:  8    Str: 20    XL:     3   Next: 44%
Magic:  2/2        EV:  9    Int:  5    God:
Gold:   62         SH:  4    Dex: 11    Spells: 2/2 levels left

rFire   . . .      SeeInvis .   a - +0 long sword
rCold   . . .      Faith    .   c - +0 buckler
rNeg    . . .      Spirit   .   b - +1 scale mail
rPois   .          Reflect  .   (helmet restricted)
rElec   .          Harm     .   (no cloak)
rCorr   .          Rampage  .   (no gloves)
Will    .....                   (no boots)
Stlth   ..........              (no amulet)
HPRegen 0.11/turn               f - +4 ring of slaying
MPRegen 0.08/turn               (no ring)

@: no status effects
A: horns 2, retaliatory headbutt
a: no special abilities


You were on level 3 of the Dungeon.
You visited 1 branch of the dungeon, and saw 3 of its levels.

You collected 62 gold pieces.

Inventory:

Hand Weapons
 a - a +0 long sword (weapon)
Armour
 b - a +1 scale mail (worn)
 c - a +0 buckler (worn)
Jewellery
 f - a +4 ring of slaying (left hand)
 g - a ring of positive energy
Scrolls
 i - a scroll of immolation
 k - a scroll of enchant weapon {unknown}
Potions
 d - a potion of might
 e - a potion of lignification {unknown}
 h - a potion of curing {unknown}
 j - a potion of heal wounds {unknown}


   Skills:
 + Level 4.1 Fighting
 + Level 2.9 Long Blades
 + Level 4.3 Armour
 + Level 0.3 Dodging
 + Level 4.1 Shields


You had 2 spell levels left.
You didn't know any spells.
Your spell library contained the following spells:

 Spells                   Type           Power      Damage    Failure   Level
 Gell's Gravitas          Tloc           0%         N/A       99%         3
 Lesser Beckoning         Tloc           0%         N/A       99%         3
 Teleport Other           Tloc           0%         N/A       99%         3


Dungeon Overview and Level Annotations

Branches:
Dungeon (3/15)

Altars:


Innate Abilities, Weirdness & Mutations

You have a pair of horns on your head.
You reflexively headbutt those who attack you in melee.


Message History

A quokka comes into view.
The quokka twitches its whiskers.
Found a stone staircase leading up.
The adder barely misses you.
The quokka bites you but does no damage.
The quokka bites you but does no damage.
The quokka bites you but does no damage.
The adder bites you.
* * * LOW HITPOINT WARNING * * *
You are poisoned.
The adder poisons you! The adder bites you but does no damage.
* * * LOW HITPOINT WARNING * * *
You feel sick.
Found a stone staircase leading up.
* * * LOW HITPOINT WARNING * * *
You feel sick.
* * * LOW HITPOINT WARNING * * *
You feel sick. The adder barely misses you.
* * * LOW HITPOINT WARNING * * *
You feel sick. The quokka barely misses you.
You block the ball python's attack. The ball python grabs you.
The ball python constricts you.
You escape the ball python's grasp.
* * * LOW HITPOINT WARNING * * *
You feel sick.
You are no longer poisoned.
The adder bites you but does no damage. The quokka closely misses you.
You furiously retaliate!
You headbutt the quokka!
You kill the quokka!
The adder bites you but does no damage.
Unknown command.
You barely miss the adder. The adder bites you but does no damage.
The ball python barely misses you. x2; The orc hits you but does no damage.
The adder bites you.
* * * LOW HITPOINT WARNING * * *
You completely miss the adder. The adder bites you but does no damage.
The ball python bites you but does no damage.
The ball python barely misses you.
The orc hits you from afar with a +0 trident.
You die...

### #..
##############..
##.....#.....##..
##.............#..
#.................
#.................
#@Soo.............
#.So...........<..
#................#
#...............##
##.............##
##..<........##
........###### #
#. .......
..#####.# .####.
.......


You could see an adder, 3 orcs and a ball python.

Vanquished Creatures
  3 orcs (D:3)
  An endoplasm (D:3)
  3 goblins
  4 hobgoblins (D:1)
  5 jackals
  5 kobolds
  4 quokkas
  6 ball pythons
  2 bats (D:1)
  A frilled lizard (D:3)
  3 rats
37 creatures vanquished.

Notes
Turn   | Place    | Note
-------+----------+-------------------------------------------
     0 | D:1      | GigaChad the Minotaur Fighter began the quest for the Orb.
     0 | D:1      | Reached XP level 1. HP: 19/19 MP: 0/0
   248 | D:1      | Reached XP level 2. HP: 24/27 MP: 1/1
  1392 | D:2      | Found a faded altar of an unknown god.
  1394 | D:2      | Reached XP level 3. HP: 33/33 MP: 2/2
  1710 | D:3      | HP: 1/33 [orc/+0 trident (6)]
  1781 | D:3      | HP: 1/33 [poisoned by an adder]
  1790 | D:3      | HP: 1/33 [adder (1)]
  1791 | D:3      | Slain by an orc

Illustrated notes

Levels and vault maps discovered:
D:1:      mushboom_english_gardens, layout_basic
D:2:      layout_loops_ring, hellmonk_ecumenical_altar_dog_temple
D:3:      layout_rooms, hangedman_ru_absence, minmay_rat_hole

Skill      XL: |  1  2 |
---------------+-------+-----
Fighting       | 4 |  4.1
Armour         | 4 |  4.3
Shields        | 4 |  4.1
Long Blades    | |  2.9
Dodging        | |  0.3

Action                   || total
-------------------------++-------
Melee: Long sword        ||    70
       Headbutt          ||    11
  Use: Scroll            ||     2
Armor: Scale mail        ||    61
Dodge: Dodged            ||    52
Block: Buckler           ||    18
